 Dungeon Crawl Stone Soup version 0.27-a0-1184-ge86db4a01e (webtiles) character file.

Game seed: 15322650317033372567

51 robertstho the Skirmisher (level 3, -1/51 HPs)
             Began as a Minotaur Berserker on May 18, 2021.
             Was a Follower of Trog.
             Slain by a white imp (3 damage)
             ... summoned by Natasha
             ... on level 2 of the Dungeon.
             The game lasted 00:01:43 (1518 turns).

robertstho the Skirmisher (Minotaur Berserker)      Turns: 1518, Time: 00:01:43

Health: -1/51      AC:  3    Str: 21    XL:     3   Next: 58%
Magic:  2/2        EV: 12    Int:  5    God:    Trog [*.....]
Gold:   46         SH:  0    Dex:  9    Spells: 2/2 levels left

rFire    . . .     SeeInvis .   f - +0 war axe
rCold    . . .     Faith    .   (no shield)
rNeg     . . .     Spirit   .   b - +0 animal skin
rPois    .         Reflect  .   (helmet restricted)
rElec    .         Harm     .   (no cloak)
rCorr    .         Rampage  .   (no gloves)
Will     .....                  d - +0 pair of boots
Stlth    ..........             (no amulet)
HPRegen  0.17/turn              (no ring)
MPRegen  0.08/turn              (no ring)

@: berserking, slowed
A: horns 2, retaliatory headbutt
a: Renounce Religion, Berserk


You were on level 2 of the Dungeon.
You worshipped Trog.
Trog was aware of your devotion.
You visited 1 branch of the dungeon, and saw 2 of its levels.

You collected 46 gold pieces.

Inventory:

Hand Weapons
 f - a +0 war axe (weapon)
Armour
 b - a +0 animal skin (worn)
 d - a +0 pair of boots (worn)
Jewellery
 a - a ring of protection from fire
Scrolls
 e - a scroll of teleportation {unknown}
Potions
 c - a potion of attraction {unknown}


   Skills:
 * Level 4.5 Fighting
 + Level 4.4 Axes
 * Level 3.0 Armour
 + Level 2.5 Dodging


You had 2 spell levels left.
You didn't know any spells.
Your spell library was empty.

Dungeon Overview and Level Annotations

Branches:
Dungeon (2/15)

Altars:

Annotations:
D:2 Natasha


Innate Abilities, Weirdness & Mutations

You have a pair of horns on your head.
You reflexively headbutt those who attack you in melee.


Message History

You kill the ball python!
Trog accepts your kill.
No target in view!
No target in view!
f - a +0 war axe (weapon)
Drop what? 6/52 slots (_ for help) (? for menu, Esc to quit)
You drop a +0 hand axe.
Found a mace.
You see here a +0 dagger.
You now have 46 gold pieces (gained 6).
Found a leather armour.
a - a ring of protection from fire Natasha, Servant of Life and Death comes into view.
Natasha hisses angrily.
Natasha stares at you and mumbles some strange words.
The magic dart hits you!
Natasha is nearby!
Natasha is nearby!
Natasha casts a spell.
Natasha stares at you and mumbles some strange words.
You feel yourself slow down. Natasha closely misses you.
You furiously retaliate!
You headbutt Natasha! Natasha claws you.
You hit Natasha but do no damage.
Natasha is heavily wounded.
You hit the white imp. The white imp gestures at you.
The puff of frost hits you! Natasha claws you.
* * * LOW HITPOINT WARNING * * *
The white imp hits you.
* * * LOW HITPOINT WARNING * * *
The white imp freezes you.
* * * LOW HITPOINT WARNING * * *
Natasha barely misses you.
You are too injured to fight recklessly!
A red film seems to cover your vision as you go berserk!
You feel yourself moving faster!
You feel mighty! The white imp hits you.
* * * LOW HITPOINT WARNING * * *
The white imp freezes you.
You die...

#.........# #.........#
#.........# ##
#.........# ####.#
#.........###....#
##.......###..#.#####
#.........##.........
###..........#..h......
##..............@5......
.#.......[...##.........
.............#..........
........................
...........##.#.........
........##.##(#.........
........#..##.#.........
..........##.....#######
.........# #.#.###


You could see Natasha and a white imp (summoned).

Vanquished Creatures
  Natasha (D:2)
  2 ball pythons (D:2)
  4 bats
  2 endoplasms
  2 goblins
  2 hobgoblins (D:2)
  4 kobolds (D:1)
  4 quokkas
  A frilled lizard (D:2)
  A rat (D:1)
23 creatures vanquished.

Notes
Turn   | Place    | Note
-------+----------+-------------------------------------------
     0 | D:1      | robertstho the Minotaur Berserker began the quest for the
                  | Orb.
     0 | D:1      | Reached XP level 1. HP: 19/19 MP: 0/0
   391 | D:1      | Reached XP level 2. HP: 27/27 MP: 1/1
   973 | D:2      | Found a faded altar of an unknown god.
  1182 | D:2      | Noticed Natasha
  1195 | D:2      | Killed Natasha
  1196 | D:2      | Reached XP level 3. HP: 11/34 MP: 2/2
  1512 | D:2      | Noticed Natasha
  1518 | D:2      | HP: 2/51 [white imp[Natasha] (4)]
  1518 | D:2      | Slain by a white imp

Illustrated notes

Levels and vault maps discovered:
D:1:      dpeg_arrival_arbitrary_c, layout_basic, serial_rivers,
          chequers_serial_rivers_micro_c, chequers_serial_rivers_micro_c,
          chequers_serial_rivers_small_a, chequers_serial_rivers_large_b,
          chequers_serial_rivers_micro_a, chequers_serial_rivers_small_b
D:2:      layout_rooms, basic_ecumenical_altar, minmay_unequal, uniq_natasha

Skill      XL: |  1  2 |
---------------+-------+-----
Fighting       | 4 |  4.5
Axes           | 4 |  4.4
Armour         | 3 |  3.0
Dodging        | |  2.5

Action                   || total
-------------------------++-------
Melee: Hand axe          ||    56
       Headbutt          ||     7
       War axe           ||     1
Invok: Berserk           ||     2
 Stab: Sleeping          ||     1
Armor: Animal skin       ||    15
Dodge: Dodged            ||    45

Table legend: (Time is in decaauts)
 A = Elapsed time spent in this place.
 B = Non-inter-level travel time spent in this place.
 C = Inter-level travel time spent in this place.
 D = Time resting spent in this place.
 E = Time spent auto-exploring this place.
 F = Levels seen in this place.
 G = Mean time per level.
                   A        B        C        D        E       F      G
               +--------+--------+--------+--------+--------+-----+--------+
         Total |   1581 |   1550 |     31 |    218 |   1147 |   2 |  790.5 |
       Dungeon |   1581 |   1550 |     31 |    218 |   1147 |   2 |  790.5 |
               +--------+--------+--------+--------+--------+-----+--------+

Top non-repeatable levels by time:
     D:1: 1009 daAuts
     D:2: 572 daAuts
